AoeStats
← xSIDEHACKx

Black Forest

509983563Analyzed
4v4 RM · 3d ago on Sep 28, 2026· 41m 50s· 8 players
Game mode
Random Map
Map size
Large (8 player)
Population
200
Speed
Normal
Resources
Standard
Victory
Conquest
Starting age
Dark Age
Ending age
Imperial Age
RankedLock teamsTeams togetherTeam positionsShared explorationLock speedFull tech treeHidden civsTurbo modeCheats
Victory
Defeat
🇲🇽 Persians · Mexico
644
+17
🇺🇸 Varangians · United States
544
+21
🇹🇼 Tatars · Taiwan
509
+22
🇨🇱 Bohemians · Chile
497
+22
🇺🇸 Vietnamese · United States
750
-25
🇺🇸 Romans · United States
689
-22
🇺🇸 Jurchens · United States
590
-18
🇺🇸 Bohemians · United States
555
-17
GodAres1994
6:03 Loom
13:41 Feudal Age
17:39 Town Watch
17:46 Double-Bit Axe
19:36 Wheelbarrow
19:01 Stone Mining
21:58 Castle Age
20:04 Horse Collar
23:13 Bow Saw
23:10 Heavy Plow
24:05 Gold Mining
33:01 Scale Barding Armor
33:08 Forging
35:07 Husbandry
35:24 Bloodlines
36:29 Stone Shaft Mining
36:31 Gold Shaft Mining
36:55 Chain Barding Armor
41:29 Iron Casting
Purplejbaked
2:02 Loom
12:32 Feudal Age
22:24 Stone Mining
22:26 Gold Mining
24:57 Double-Bit Axe
27:38 Castle Age
28:09 Forging
28:00 Scale Mail Armor
28:09 Scale Barding Armor
27:55 Fletching
28:06 Padded Archer Armor
29:18 Caravan
30:37 Bow Saw
31:33 Iron Casting
31:13 Chain Mail Armor
30:49 Gambesons
31:05 Squires
34:01 Vendel Legacy
35:14 Horse Collar
35:53 Murder Holes
36:22 Masonry
40:00 Imperial Age
40:22 Chain Barding Armor
40:10 Husbandry
40:22 Bloodlines
40:31 Elite Varangian Guard
41:04 Capped Ram
42:37 Architecture
Mapuche Mayer
10:48 Feudal Age
12:15 Double-Bit Axe
14:32 Castle Age
12:44 Horse Collar
18:49 Fervor
20:43 Wheelbarrow
21:18 Loom
23:01 Caravan
25:02 Hand Cart
26:12 Heavy Plow
26:33 Bow Saw
26:18 Town Watch
28:34 Chemistry
27:30 Fletching
31:13 Imperial Age
29:09 Bodkin Arrow
30:04 Ballistics
29:52 Town Patrol
30:51 Masonry
30:37 Murder Holes
31:48 Wagenburg Tactics
31:35 Heavy Scorpion
33:36 Two-Man Saw
32:50 Houfnice
34:01 Onager
35:48 Siege Engineers
36:46 Architecture
36:37 Bombard Tower
38:17 Conscription
41:09 Bracer
41:02 Guard Tower
40:57 Arrowslits
mainaumainau
0:56 Loom
14:50 Feudal Age
16:35 Horse Collar
18:27 Double-Bit Axe
22:51 Gold Mining
23:14 Stone Mining
27:40 Castle Age
27:45 Bloodlines
27:46 Scale Barding Armor
28:17 Fletching
30:49 Forging
31:53 Masonry
33:36 Padded Archer Armor
33:26 Light Cavalry
35:22 Bow Saw
36:09 Iron Casting
36:29 Caravan
39:16 Wheelbarrow
39:08 Fortified Wall
39:16 Heavy Plow
41:16 Coinage
44:00 Imperial Age
41:57 Husbandry
DON FOL3Y
0:51 Loom
12:27 Feudal Age
13:05 Man-at-Arms
13:36 Arson
19:28 Horse Collar
29:05 Fletching
29:17 Padded Archer Armor
31:01 Wheelbarrow
30:48 Double-Bit Axe
35:35 Bloodlines
BLAZ306
0:57 Loom
12:26 Feudal Age
16:25 Horse Collar
19:19 Double-Bit Axe
19:45 Gold Mining
21:25 Wheelbarrow
20:37 Town Watch
28:26 Scale Mail Armor
28:36 Forging
29:18 Town Watch
30:28 Man-at-Arms
34:37 Castle Age
querk2
16:56 Feudal Age
15:16 Loom
20:51 Castle Age
19:34 Wheelbarrow
19:06 Horse Collar
19:31 Double-Bit Axe
22:16 Heavy Plow
22:34 Bow Saw
23:20 Hand Cart
28:22 Padded Archer Armor
28:18 Fletching
28:47 Husbandry
29:28 Ballistics
28:59 Treadmill Crane
31:58 Gold Mining
32:20 Bodkin Arrow
32:55 Leather Archer Armor
32:06 Elite Skirmisher
36:27 Imperial Age
37:11 Bracer
37:41 Ring Archer Armor
36:39 Onager
38:36 Chemistry
39:42 Thumb Ring
39:33 Crossbowman
39:35 Imperial Skirmisher
41:02 Forging
40:52 Scale Mail Armor
41:00 Scale Barding Armor
41:24 Paper Money
41:05 Elite Rattan Archer
41:28 Pikeman
42:09 Squires
41:55 Arson
xSIDEHACKx
7:43 Loom
13:50 Feudal Age
19:57 Castle Age
33:12 Wheelbarrow
35:35 Imperial Age
35:26 Hand Cart
36:41 Caravan
Connection lost

Rejoining the realm…

Still unreachable

The connection could not be restored.

Session expired

The server has moved on; the page needs a fresh start.